AoeStats
← Narcanyahu

Nomad

510629047Analyzed
4v4 RM · 1d ago on Oct 1, 2026· 76m 51s· 8 players
Game mode
Random Map
Map size
231×231
Population
200
Speed
Normal
Resources
Standard
Victory
Conquest
Starting age
Dark Age
Ending age
Imperial Age
RankedLock teamsTeams togetherTeam positionsShared explorationLock speedFull tech treeHidden civsTurbo modeCheats
Victory
Defeat
🇺🇸 Hindustanis · United States
1035
+15
🇨🇱 Danes · Chile
1033
+16
🇦🇺 Japanese · Australia
992
+17
🇨🇱 Varangians · Chile
977
+18
🇦🇷 Vietnamese · Argentina
1465
-30
🇦🇷 Mongols · Argentina
1008
-16
🇦🇷 Persians · Argentina
846
-10
🇦🇷 Japanese · Argentina
846
-10
Rido
6:42 Loom
16:05 Feudal Age
16:58 Double-Bit Axe
17:50 Wheelbarrow
17:00 Town Watch
17:49 Fishing Lines
20:31 Castle Age
20:50 Fletching
21:59 Hand Cart
21:57 Bow Saw
22:05 Bodkin Arrow
22:05 Gillnets
24:12 Town Patrol
26:12 Medium Warships
28:23 Guard Tower
28:44 Masonry
28:15 Treadmill Crane
29:28 Gold Mining
29:28 Stone Mining
30:01 Ballistics
30:10 Horse Collar
31:34 Scale Mail Armor
31:45 Forging
32:30 Gold Shaft Mining
31:45 Stone Mining
33:43 Heavy Plow
35:18 Chain Mail Armor
35:38 Iron Casting
35:16 Fortified Wall
35:02 Murder Holes
35:07 Man-at-Arms
35:33 Gambesons
35:48 Squires
35:34 Arson
36:25 Yasama
40:18 Imperial Age
38:02 Clinker Construction
37:54 Elite Skirmisher
38:40 Thumb Ring
41:01 Arrowslits
42:26 Padded Archer Armor
43:25 Bracer
43:41 Leather Archer Armor
44:24 Keep
43:55 Siege Engineers
44:43 Conscription
44:42 Pikeman
46:02 Parthian Tactics
46:09 Kataparuto
47:05 Two-Man Saw
47:18 Heavy Cavalry Archer
48:53 Ring Archer Armor
48:53 Plate Mail Armor
48:40 Halberdier
59:13 Elite Samurai
61:08 Blast Furnace
60:38 Plate Mail Armor
64:41 Chemistry
63:48 Scale Barding Armor
65:10 Cavalier
65:53 Husbandry
66:04 Bloodlines
74:00 Long Swordsman
75:23 Two-Handed Swordsman
NY-HENRY
3:06 Loom
16:33 Feudal Age
20:23 Castle Age
25:00 Forging
24:51 Scale Mail Armor
26:14 Double-Bit Axe
28:43 Chain Mail Armor
35:35 Iron Casting
55:08 Imperial Age
53:20 Wheelbarrow
53:18 Gold Mining
56:50 Chemistry
68:09 Elite Skirmisher
73:40 Gold Shaft Mining
74:43 Bloodlines
74:34 Husbandry
73:55 Heavy Camel Rider
Narcanyahu
7:23 Loom
14:49 Feudal Age
16:27 Man-at-Arms
16:53 Arson
20:21 Forging
20:12 Scale Mail Armor
20:28 Fletching
23:34 Castle Age
21:27 Double-Bit Axe
22:26 Horse Collar
24:27 Town Watch
26:53 Fletching
28:08 Wheelbarrow
33:46 Gold Mining
34:26 Bow Saw
37:44 Long Swordsman
38:10 Gambesons
38:44 Heavy Plow
40:44 Gold Shaft Mining
41:10 Fishing Lines
42:08 Iron Casting
46:47 Imperial Age
44:15 Bodkin Arrow
46:43 Hand Cart
47:11 Padded Archer Armor
48:04 Bracer
48:26 Elite Longship
49:41 Ballistics
50:22 Chemistry
50:04 Stone Mining
49:52 Hamask
50:53 Conscription
56:25 Siege Engineers
56:24 Two-Handed Swordsman
56:37 Two-Handed Swordsman
57:18 Squires
61:07 Elite Jomsviking
62:51 Blast Furnace
62:06 Chain Mail Armor
68:42 Pikeman
70:34 Champion
73:44 Halberdier
Krusskz
10:30 Loom
15:01 Feudal Age
20:28 Castle Age
20:25 Fishing Lines
21:08 Loom
21:59 Wheelbarrow
24:15 Double-Bit Axe
27:20 Bow Saw
28:14 Scale Barding Armor
28:20 Forging
29:09 Gold Mining
33:20 Hand Cart
35:39 Imperial Age
33:44 Husbandry
33:55 Bloodlines
36:06 Gothikon
39:24 Chemistry
39:23 Murder Holes
41:34 Chain Barding Armor
41:50 Iron Casting
45:42 Elite Jarl
46:39 Horse Collar
48:09 Scale Mail Armor
58:56 Plate Barding Armor
59:21 Blast Furnace
58:38 Chain Mail Armor
60:38 Cavalier
61:17 Vendel Legacy
62:21 Conscription
golden229269
5:57 Loom
17:18 Feudal Age
19:46 Fishing Lines
21:59 Double-Bit Axe
25:01 Castle Age
24:39 Man-at-Arms
25:32 Forging
26:08 Long Swordsman
26:49 Squires
27:59 Iron Casting
27:25 Scale Mail Armor
27:18 Horse Collar
27:54 Bow Saw
29:05 Wheelbarrow
30:01 Heavy Plow
31:23 Gillnets
33:28 Hand Cart
33:39 Chain Mail Armor
34:00 Gold Mining
35:23 Arson
41:28 Stone Mining
42:14 Gold Shaft Mining
46:52 Imperial Age
45:44 Town Watch
47:06 Two-Handed Swordsman
48:10 Conscription
48:58 Blast Furnace
48:29 Plate Mail Armor
48:33 Town Patrol
48:08 Champion
52:32 Capped Ram
57:20 Ballistics
58:01 Chemistry
Sergio A. Gamarra
13:51 Feudal Age
14:27 Double-Bit Axe
20:24 Fishing Lines
22:00 Stone Mining
24:49 Castle Age
23:42 Gold Mining
26:28 Stone Shaft Mining
28:53 Horse Collar
33:40 Gold Shaft Mining
33:18 Scale Barding Armor
33:24 Forging
33:06 Fletching
34:28 Kamandaran
37:27 Crossbowman
38:13 Thumb Ring
40:41 Iron Casting
40:27 Chain Barding Armor
42:15 Heavy Plow
42:28 Bow Saw
43:36 Wheelbarrow
43:10 Bodkin Arrow
43:15 Padded Archer Armor
47:16 Imperial Age
45:07 Hand Cart
46:55 Elite War Elephant
47:49 Citadels
48:04 Conscription
48:32 Plate Barding Armor
48:58 Blast Furnace
52:03 Loom
52:05 Town Watch
62:56 Cavalier
63:40 Husbandry
63:52 Bloodlines
63:57 Savar
ElAguuz
9:04 Loom
15:31 Feudal Age
17:59 Double-Bit Axe
19:10 Horse Collar
23:01 Wheelbarrow
27:05 Castle Age
26:17 Fletching
26:28 Padded Archer Armor
26:43 Bloodlines
27:44 Town Watch
28:14 Hand Cart
31:22 Bodkin Arrow
31:42 Leather Archer Armor
33:54 Ballistics
37:08 Murder Holes
39:08 Husbandry
43:57 Imperial Age
44:06 Imperial Age
45:14 Bracer
45:23 Elite Mangudai
47:01 Conscription
47:31 Thumb Ring
47:39 Siege Engineers
48:40 Chemistry
59:34 Nomads
59:40 Nomads
61:20 Nomads
69:32 Nomads
69:52 Drill
[VA] Tano_Pacman
4:04 Loom
13:24 Feudal Age
17:06 Castle Age
16:46 Double-Bit Axe
19:09 Fletching
19:55 Bow Saw
23:21 Town Watch
25:26 Wheelbarrow
25:06 Padded Archer Armor
27:15 Bodkin Arrow
29:45 Medium Warships
31:24 Ballistics
32:46 Leather Archer Armor
37:17 Scale Barding Armor
37:26 Husbandry
40:11 Chain Barding Armor
44:29 Bloodlines
47:37 Forging
50:50 Gold Mining
51:14 Horse Collar
56:09 Imperial Age
53:56 Masonry
56:12 Heavy Plow
56:50 Bracer
56:58 Siege Engineers
57:02 Elite Rattan Archer
58:15 Thumb Ring
60:05 Chemistry
60:06 Plate Barding Armor
61:17 Hand Cart
61:25 Elite Skirmisher
62:35 Ring Archer Armor
63:35 Iron Casting
62:59 Imperial Skirmisher
63:25 Treadmill Crane
64:27 Murder Holes
65:33 Pikeman
67:34 Crop Rotation
68:05 Two-Man Saw
67:32 Halberdier
72:06 Squires
Connection lost

Rejoining the realm…

Still unreachable

The connection could not be restored.

Session expired

The server has moved on; the page needs a fresh start.